 Dungeon Crawl Stone Soup version 0.17.2-1-ge4368a0 (webtiles) character file.

26070 Goblin1989 the Grappler (level 12, -9/98 HPs)
             Began as a Demonspawn Monk on Aug 5, 2016.
             Was a High Priest of Okawaru.
             Mangled by Rupert
             ... wielding a +2 great mace of crushing
              (33 damage)
             ... on level 5 of the Lair of Beasts.
             The game lasted 00:41:47 (14890 turns).

Goblin1989 the Grappler (Demonspawn Monk)          Turns: 14890, Time: 00:41:47

Health: -9/98      AC: 12    Str: 17    XL:     12   Next: 95%
Magic:  0/12       EV: 20    Int: 22    God:    Okawaru [*****.]
Gold:   466        SH:  0    Dex: 15    Spells: 4 memorised, 0 levels left

rFire  + + .     SeeInvis .       - Unarmed
rCold  . . .     Clarity  .     B - +3 salamander hide armour {+Rage rF++}
rNeg   + . .     SustAt   .     (shield currently unavailable)
rPois  .         Gourm    .     a - +0 helmet "Inkanuonn" {-Tele rN+ Regen+ Int+10}
rElec  .         Spirit   +     (no cloak)
rCorr  .         Warding  .     (gloves currently unavailable)
rMut   .         NoTele   +     j - +0 pair of boots
MR     .....                    y - amulet of guardian spirit
Stlth  +++.......               (no ring)
                                O - ring of wizardry

@: blade hands (expiring), heroism, starving, not resistant to hostile
enchantments, fairly stealthy
A: talons 2, rugged brown scales 2, spiny 1, rot immunity
a: End Transformation, Heroism, Finesse, Renounce Religion, Evoke Berserk Rage


You were on level 5 of the Lair of Beasts.
You worshipped Okawaru.
Okawaru was extremely pleased with you.
You were starving.
You had blades for hands.
You visited 2 branches of the dungeon, and saw 16 of its levels.
You also visited: Ossuary.

You collected 924 gold pieces.
You spent 458 gold pieces at shops.

Inventory:

Hand Weapons
 C - a +0 blowgun
Missiles
 f - 108 arrows
 r - 3 throwing nets (quivered)
 D - 56 poisoned needles
 M - 5 arrows of frost
Armour
 a - the +0 helmet "Inkanuonn" (worn) {-Tele rN+ Regen+ Int+10}
   (You found it on level 3 of the Lair of Beasts)

   It affects your intelligence (+10).
   It protects you from negative energy.
   It prevents most forms of teleportation.
   It increases your rate of regeneration.
 j - a +0 pair of boots (worn)
 B - the +3 salamander hide armour (worn) {+Rage rF++}
   (You found it on level 10 of the Dungeon)

   It greatly protects you from fire.
   It lets you go berserk.
 F - a +2 pair of gloves of archery (melded)
 Q - a +0 troll leather armour
Jewellery
 y - an amulet of guardian spirit (around neck)
 O - a ring of wizardry (left scythe-like blade)
 R - an uncursed ring of positive energy {unknown}
Wands
 l - a wand of cold (4)
 o - a wand of digging (8)
 u - a wand of disintegration (19)
 E - a wand of heal wounds (4)
 G - a wand of fire (10)
 N - a wand of draining (8)
 S - a wand of fire (7)
Scrolls
 c - 4 scrolls of fog
 e - 4 scrolls of remove curse
 g - a scroll of holy word {unknown}
 h - 8 scrolls of identify
 i - a scroll of immolation
 n - a scroll of teleportation
 t - 3 scrolls of fear
 w - 3 scrolls of blinking
 A - 2 scrolls of enchant armour
Potions
 d - a potion of brilliance
 k - 2 potions of cancellation
 q - a potion of haste
 s - 4 potions of berserk rage
 v - 3 potions of might
 x - a potion of invisibility
 z - a potion of curing
 H - 2 potions of heal wounds
 I - 6 potions of flight
 P - a potion of magic
Books
 K - a book of Unlife

   Spells                             Type                      Level
   a - Recall                         Summoning/Translocation      3
   b - Animate Dead                   Necromancy                   4
   c - Control Undead                 Necromancy                   4
   d - Cigotuvi's Embrace             Necromancy                   5
   e - Death Channel                  Necromancy                   6
   f - Simulacrum                     Ice/Necromancy               6
Comestibles
 b - 3 bread rations
 m - 3 beef jerkies
 p - 7 meat rations
 J - 2 slices of pizza
 L - 11 royal jellies


   Skills:
 + Level 8.5(13.5) Fighting
 + Level 7.9(12.9) Armour
 + Level 7.5(12.5) Dodging
 - Level 1.7(6.7) Stealth
 * Level 14.0(19.0) Unarmed Combat
 + Level 0.0 Spellcasting
 - Level 7.3 Transmutations


You couldn't memorise any spells.
You knew the following spells:

 Your Spells              Type           Power        Failure   Level  Hunger
a - Blade Hands           Trmt           ####......   38%         5    ######.
b - Swiftness             Chrm/Air       #.......     38%         2    ###....
c - Sticks to Snakes      Trmt           ####......   7%          2    ###....
d - Repel Missiles        Chrm/Air       #.....       38%         2    ###....


Dungeon Overview and Level Annotations

Branches:
Dungeon (11/15)            Temple (0/1) D:6            Lair (5/8) D:10
  Swamp (0/4) Lair:4          Orc (0/4) D:10
  Snake: Lair:3-6    Spider: Lair:3-6

Altars:
Ashenzari
Cheibriados
Dithmenos
Fedhas
Gozag
Nemelex Xobeh
Okawaru
Ru
Sif Muna
Trog
Zin
The Shining One
Jiyva

Shops:
D:7 %   D:9 :(*   D:10 =

Annotations:
Lair:5 Rupert


Innate Abilities, Weirdness & Mutations

You have razor-sharp toenails.
You are mostly covered in rugged brown scales (AC +2, +5% HP).
You are partially covered in sharp spines.
You are immune to rotting.


Message History

Rupert is heavily wounded.
Rupert is struck by your spines. Rupert closely misses you.
You hit Rupert.
Rupert is heavily wounded.
You slash Rupert!
Rupert is heavily wounded.
Rupert misses you.
You hit Rupert.
Rupert is heavily wounded.
Rupert completely misses you.
You slice Rupert!!
Rupert is severely wounded.
Rupert closely misses you.
You completely miss Rupert.
Rupert is severely wounded.
You hit Rupert but do no damage.
Rupert is severely wounded.
Your transformation is almost over.
Rupert hits you with a great mace of crushing!!
You die...

.............
#.#......#.#
##..........
######......#.###
##P#.##P..#.#### #
#.....###..##
##.........P# #####
#..##...#...#
#.....##@###......#
#.@.# ###..###
#.......# ####
####.P.#.# #######


You could see Rupert (berserk).

Vanquished Creatures
  A hydra (Lair:3)
  Erolcha (D:10)
  3 death yaks (Lair:4)
  Urug (Lair:1)
  Pikel (D:8)
  A griffon (Lair:3)
  An elephant (D:10)
  2 black mambas
  9 spiny frogs
  3 komodo dragons
  4 trolls
  14 blink frogs
  26 yaks
  A hungry ghost (D:8)
  A wyvern (D:10)
  A steam dragon (D:9)
  A basilisk (Lair:1)
  6 hippogriffs
  A swamp worm (Lair:4)
  9 wolves
  Edmund (D:4)
  11 water moccasins
  6 porcupines
  Duvessa (D:5)
  A black bear (D:10)
  4 ice beasts
  A sky beast (D:8)
  A slave (D:8)
  An ogre (D:8)
  An orc warrior (D:10)
  A centaur (D:6)
  A necrophage (D:10)
  The ghost of Goblin1989 the Cudgeler, an amateur DsAK of Lugonu (D:4)
  A big kobold (D:5)
  2 crocodiles
  9 giant frogs
  Dowan (D:5)
  2 scorpions
  7 water moccasin zombies
  A wyvern skeleton (D:9)
  3 water moccasin skeletons
  4 killer bees (D:9)
  9 jellies
  An electric eel (D:10)
  4 wights (D:8)
  8 crimson imps
  A giant frog zombie (D:7)
  A centaur zombie (D:6)
  A gnoll shaman (D:5)
  6 iguanas
  5 orc priests
  7 orc wizards
  2 hounds
  13 worker ants
  A quasit (D:8)
  19 sheep
  2 killer bee zombies
  2 big kobold zombies (Ossuary)
  3 mummies
  10 gnolls
  A worker ant zombie (D:5)
  Robin (D:3)
  12 adders
  25 river rats
  A shadow imp (D:6)
  5 oozes (D:9)
  5 adder zombies (Ossuary)
  2 adder skeletons (D:7)
  4 worms
  28 orcs
  A ball python (D:2)
  5 giant cockroaches
  16 goblins
  14 hobgoblins
  12 jackals
  2 quokkas (D:3)
  4 bats
  7 giant geckos
  2 giant newts
  2 gnoll zombies (Ossuary)
  6 hobgoblin zombies
  12 kobolds
  4 kobold zombies (Ossuary)
  7 orc zombies
  A quokka skeleton (D:5)
  9 rats
431 creatures vanquished.

Vanquished Creatures (others)
  3 slaves (D:8)
  3 plants
6 creatures vanquished.

Grand Total: 437 creatures vanquished

Notes
Turn   | Place    | Note
--------------------------------------------------------------
     0 | D:1      | Goblin1989 the Demonspawn Monk began the quest for the Orb.
     0 | D:1      | Reached XP level 1. HP: 18/18 MP: 1/1
     0 | D:1      | Goblin1989: !lg goblin1989 !won s=urune
     0 | D:1      | beem: 912 games for goblin1989 (!won): 890x 0, 9x 1, 8x 2, 3x 3, 5, 6
   228 | D:1      | Found a shattered altar of Ashenzari.
   275 | D:1      | Reached skill level 4 in Unarmed Combat
   314 | D:1      | Gained mutation: You are partially covered in rugged brown scales (AC +1, +3% HP). [demonic ancestry]
   314 | D:1      | Reached XP level 2. HP: 16/24 MP: 2/2
   927 | D:2      | Gained mutation: You are immune to rotting. [demonic ancestry]
   927 | D:2      | Reached XP level 3. HP: 25/29 MP: 3/3
  1291 | D:2      | Reached skill level 5 in Unarmed Combat
  1303 | D:2      | Reached XP level 4. HP: 36/36 MP: 4/4
  2048 | D:4      | Noticed Edmund
  2075 | D:4      | HP: 1/36 [Edmund/flail of crushing (1)]
  2080 | D:4      | Killed Edmund
  2080 | D:4      | Reached skill level 6 in Unarmed Combat
  2080 | D:4      | Reached XP level 5. HP: 2/42 MP: 5/5
  2325 | D:4      | Noticed Goblin1989's ghost (amateur DsAK)
  2342 | D:4      | Killed Goblin1989's ghost
  2342 | D:4      | Reached XP level 6. HP: 37/48 MP: 6/6
  2514 | D:4      | Reached skill level 7 in Unarmed Combat
  2691 | D:5      | Entered Level 5 of the Dungeon
  3084 | D:5      | Gained mutation: You have sharp toenails. [demonic ancestry]
  3084 | D:5      | Reached XP level 7. HP: 34/53 MP: 7/7
  3268 | D:5      | Reached skill level 8 in Unarmed Combat
  3398 | D:5      | Found an iron altar of Okawaru.
  3407 | D:5      | Became a worshipper of Warmaster Okawaru
  3407 | D:5      | Reached * piety under Okawaru
  3407 | D:5      | Reached ** piety under Okawaru
  3585 | D:5      | Noticed Dowan
  3587 | D:5      | Noticed Duvessa
  3595 | D:5      | Killed Duvessa
  3597 | D:5      | Killed Dowan
  3662 | D:5      | Reached skill level 9 in Unarmed Combat
  4210 | D:5      | Reached XP level 8. HP: 54/59 MP: 8/8
  4828 | D:3      | Reached skill level 10 in Unarmed Combat
  4949 | D:3      | Noticed Robin
  5059 | D:3      | Killed Robin
  5554 | D:6      | Reached skill level 1 in Armour
  5669 | D:6      | Found a staircase to the Ecumenical Temple.
  6184 | D:7      | Found Ciamn's Food Emporium.
  6254 | D:7      | Gained mutation: You are partially covered in sharp spines. [demonic ancestry]
  6254 | D:7      | Reached XP level 9. HP: 58/66 MP: 9/9
  6516 | D:7      | Found an opulent altar of Gozag.
  6517 | D:7      | Found a glowing silver altar of Zin.
  6636 | D:8      | Found a sand-covered staircase.
  6642 | Ossuary  | Entered an ossuary
  6929 | Ossuary  | Reached skill level 11 in Unarmed Combat
  6998 | D:8      | Gained mutation: Your muscles are strong. (Str +2) [mutagenic meat]
  6999 | D:8      | Lost mutation: Your muscles are strong. (Str +2) [mutagenic meat]
  7000 | D:8      | Gained mutation: Your flesh is heat resistant. [mutagenic meat]
  7001 | D:8      | Gained mutation: Your body sometimes deteriorates upon taking damage. [mutagenic meat]
  7136 | D:8      | Noticed Pikel
  7145 | D:8      | Killed Pikel
  7145 | D:8      | Reached *** piety under Okawaru
  7145 | D:8      | Reached skill level 5 in Fighting
  7238 | D:8      | Learned a level 7 spell: Dragon Form
  7373 | D:8      | Found a sacrificial altar of Ru.
  7693 | D:8      | Reached skill level 1 in Transmutations
  7693 | D:8      | Reached XP level 10. HP: 54/76 MP: 10/10
  7997 | D:8      | Reached **** piety under Okawaru
  8149 | D:9      | Reached skill level 5 in Dodging
  8281 | D:9      | Received a gift from Okawaru
  8518 | D:9      | Learned a level 2 spell: Swiftness
  8557 | D:9      | Found Nuacaut's Book Boutique.
  8563 | D:9      | Bought a book of Changes for 350 gold pieces
  8570 | D:9      | Learned a level 5 spell: Blade Hands
  8573 | D:9      | Learned a level 2 spell: Sticks to Snakes
  8578 | D:9      | Found a deep blue altar of Sif Muna.
  8578 | D:9      | Found a snail-covered altar of Cheibriados.
  8586 | D:9      | Found a sparkling altar of Nemelex Xobeh.
  8586 | D:9      | Found a glowing golden altar of the Shining One.
  8600 | D:9      | Found a blossoming altar of Fedhas.
  8600 | D:9      | Found a shadowy altar of Dithmenos.
  8601 | D:9      | Found a bloodstained altar of Trog.
  8643 | D:9      | Found Bixiyt's Antique Weapon Shop.
  8701 | D:9      | Found a viscous altar of Jiyva.
  8757 | D:9      | Found Eruzioh's Assorted Antiques.
  8783 | D:9      | Bought a scroll labeled YNUAQY MEIS for 18 gold pieces
  8783 | D:9      | Bought a jewelled silver wand for 72 gold pieces
  8783 | D:9      | Bought a scroll labeled WOGIWN FOAVIR for 18 gold pieces
  8934 | D:10     | Entered Level 10 of the Dungeon
  8998 | D:10     | Noticed an elephant
  9016 | D:10     | Killed an elephant
  9016 | D:10     | Reached skill level 12 in Unarmed Combat
  9030 | D:10     | Gained mutation: You are occasionally teleported next to monsters. [potion of mutation]
  9030 | D:10     | Gained mutation: You can spit weak poison. [potion of mutation]
  9030 | D:10     | Gained mutation: You have a beak for a mouth. [potion of mutation]
  9031 | D:10     | Lost mutation: You are occasionally teleported next to monsters. [potion of cure mutation]
  9031 | D:10     | Lost mutation: Your flesh is heat resistant. [potion of cure mutation]
  9031 | D:10     | Lost mutation: Your body sometimes deteriorates upon taking damage. [potion of cure mutation]
  9032 | D:10     | Gained mutation: You are mostly covered in rugged brown scales (AC +2, +5% HP). [potion of beneficial mutation]
  9041 | D:10     | Found a staircase to the Lair.
  9103 | D:10     | Reached skill level 5 in Armour
  9122 | D:10     | Reached ***** piety under Okawaru
  9335 | D:10     | Noticed Erolcha
  9352 | D:10     | Killed Erolcha
  9352 | D:10     | Gained mutation: You have razor-sharp toenails. [demonic ancestry]
  9352 | D:10     | Reached XP level 11. HP: 51/87 MP: 9/11
  9411 | D:10     | Found Poalafox's Jewellery Emporium.
  9886 | D:10     | Found a staircase to the Orcish Mines.
 10035 | Lair:1   | Entered Level 1 of the Lair of Beasts
 10058 | Lair:1   | Received a gift from Okawaru
 10988 | Lair:1   | Noticed Urug
 11005 | Lair:1   | Killed Urug
 11157 | Lair:2   | Reached skill level 13 in Unarmed Combat
 11797 | Lair:2   | Found a shadowy altar of Dithmenos.
 12032 | Lair:2   | Reached skill level 5 in Transmutations
 12161 | Lair:2   | Gained mutation: You are completely covered in rugged brown scales (AC +3, +7% HP). [demonic ancestry]
 12161 | Lair:2   | Reached XP level 12. HP: 51/97 MP: 12/12
 12692 | Lair:3   | Got a crude helmet
 12697 | Lair:3   | Lost mutation: You can spit weak poison. [potion of cure mutation]
 12697 | Lair:3   | Lost mutation: You are completely covered in rugged brown scales (AC +3, +7% HP). [potion of cure mutation]
 12697 | Lair:3   | Lost mutation: You have a beak for a mouth. [potion of cure mutation]
 12703 | Lair:3   | Identified the +0 helmet "Inkanuonn" {-Tele rN+ Regen+ Int+10} (You found it on level 3 of the Lair of Beasts)
 12912 | Lair:3   | Noticed a four-headed hydra
 12929 | Lair:3   | Killed a four-headed hydra
 13183 | Lair:3   | Learned a level 2 spell: Repel Missiles
 13412 | Lair:4   | Found a staircase to the Swamp.
 13503 | Lair:4   | Received a gift from Okawaru
 14725 | Lair:5   | Reached skill level 14 in Unarmed Combat
 14875 | Lair:5   | Noticed Rupert
 14890 | Lair:5   | Mangled by Rupert

Action                   |  1- 3 |  4- 6 |  7- 9 | 10-12 || total
-------------------------+-------+-------+-------+-------++-------
Melee: Unarmed           |   155 |   197 |   512 |   711 ||  1575
 Cast: Sticks to Snakes  |       |       |       |     7 ||     7
       Blade Hands       |       |       |       |     4 ||     4
Invok: Heroism           |       |       |     8 |    24 ||    32
Evoke: Wand              |       |       |       |     2 ||     2
  Use: Potion            |       |     4 |       |     7 ||    11
       Scroll            |       |       |     3 |    23 ||    26
 Stab: Sleeping          |     7 |     2 |     2 |     7 ||    18
       Distracted        |       |       |     1 |     4 ||     5
  Eat: Chunk             |       |     6 |    16 |    26 ||    48
       Fruit             |       |       |     2 |       ||     2
       Bread ration      |       |       |     2 |       ||     2
       Beef jerky        |       |       |     1 |       ||     1
